 Dungeon Crawl Stone Soup version 0.27.1-4-g1640c2035a (webtiles) character file.

Game seed: 16108740733749598266

11 lonewolfV2 the Ruffian (level 2, -1/23 HPs)
             Began as a Draconian Transmuter on Nov 15, 2021.
             Slain by a ball python (2 damage)
             ... on level 1 of the Dungeon.
             The game lasted 00:02:24 (236 turns).

lonewolfV2 the Ruffian (Draconian Transmuter)        Turns: 236, Time: 00:02:25

Health: -1/23      AC:  4    Str: 12    XL:     2   Next: 13%
Magic:  5/5        EV:  9    Int: 13    God:
Gold:   15         SH:  0    Dex: 11    Spells: 4/5 levels left

rFire    . . .     SeeInvis .     - Unarmed
rCold    . . .     Faith    .   (no shield)
rNeg     . . .     Spirit   .   (armour unavailable)
rPois    .         Reflect  .   (helmet restricted)
rElec    .         Harm     .   (no cloak)
rCorr    .         Rampage  .   (no gloves)
Will     .....                  (no boots)
Stlth    +.........             (no amulet)
HPRegen  0.07/turn              (no ring)
MPRegen  0.09/turn              (no ring)

@: constricted
A: AC +4, unfitting armour, cold-blooded
a: no special abilities


You were on level 1 of the Dungeon.
You visited 1 branch of the dungeon, and saw 1 of its levels.

You collected 15 gold pieces.

Inventory:

Hand Weapons
 b - a +0 long sword
Scrolls
 a - a scroll of immolation {unknown}


   Skills:
 + Level 1.1 Fighting
 + Level 1.9 Dodging
 + Level 3.3 Unarmed Combat
 + Level 2.2 Spellcasting
 + Level 2.0 Transmutations


You had 4 spell levels left.
You knew the following spells:

 Your Spells              Type           Power      Damage    Failure   Level
a - Beastly Appendage     Tmut           12%        N/A       11%         1

Your spell library contained the following spells:

 Spells                   Type           Power      Damage    Failure   Level
 Wereblood                Tmut           6%         N/A       17%         2
 Spider Form              Tmut/Pois      2%         N/A       45%         3
 Ice Form                 Ice/Tmut       4%         N/A       86%         4


Dungeon Overview and Level Annotations

Branches:
Dungeon (1/15)

Altars:


Innate Abilities, Weirdness & Mutations

Your plain brown scales are hard. (AC +4)
You cannot fit into any form of body armour.
You are cold-blooded and may be slowed by cold attacks.


Message History

You hit the goblin but do no damage.
The ball python bites you but does no damage.
The ball python constricts you. The goblin hits you with a +0 dagger.
An endoplasm comes into view.
The endoplasm quivers.
You hit the goblin but do no damage. The ball python barely misses you.
The ball python constricts you. The goblin hits you with a +0 dagger.
You barely miss the goblin. You tail-slap the goblin.
The goblin is heavily wounded.
The ball python bites you but does no damage.
The ball python constricts you.
The ball python bites you but does no damage.
The ball python constricts you. The goblin closely misses you.
You barely miss the goblin.
The goblin is heavily wounded.
The ball python barely misses you. The ball python constricts you.
* * * LOW HITPOINT WARNING * * *
You are too injured to fight recklessly!
You hit the goblin.
The goblin is severely wounded.
The goblin barely misses you. The ball python barely misses you.
The ball python constricts you.
* * * LOW HITPOINT WARNING * * *
You hit the goblin.
You kill the goblin!
The ball python bites you but does no damage.
The ball python constricts you.
You barely miss the rat. The rat bites you.
* * * LOW HITPOINT WARNING * * *
The ball python misses you. The ball python constricts you.
You hit the rat but do no damage. The ball python closely misses you.
The ball python constricts you. The rat closely misses you.
You punch the rat!
You kill the rat!
The ball python barely misses you. The ball python constricts you.
The ball python's grasp on you weakens, but your attempt to escape fails.
The ball python bites you.
* * * LOW HITPOINT WARNING * * *
The ball python constricts you. The ball python bites you.
You die...

#. ...# .. #.#
##.#.:.##.. #.#
#.......... #.#
.......... #..
......... ###
#....##..#
#....##..# .
#JS..##..# #.
#@#####..#
#..####.## #..#
#........####..#
...............#####
##......†#####.....#
######........###.#
#.######## #.# ...#
#.# ##### #.#


You could see an endoplasm and a ball python.

Vanquished Creatures
  A bat (D:1)
  2 endoplasms (D:1)
  A goblin (D:1)
  A hobgoblin (D:1)
  A quokka (D:1)
  2 ball pythons (D:1)
  A frilled lizard (D:1)
  A rat (D:1)
10 creatures vanquished.

Notes
Turn   | Place    | Note
-------+----------+-------------------------------------------
     0 | D:1      | lonewolfV2 the Draconian Transmuter began the quest for the
                  | Orb.
     0 | D:1      | Reached XP level 1. HP: 16/16 MP: 3/3
   212 | D:1      | Reached XP level 2. HP: 17/23 MP: 3/5
   236 | D:1      | HP: 1/23 [ball python (1)]
   236 | D:1      | Slain by a ball python

Illustrated notes

Levels and vault maps discovered:
D:1:      psy_arrival_fountain, layout_loops_ring

Action                   || total
-------------------------++-------
Melee: Unarmed           ||    50
       Kick              ||     2
       Headbutt          ||     2
       Tailslap          ||     2
       Punch             ||     1
 Cast: Beastly Appendage ||     5
Armor: Skin              ||    21
Dodge: Dodged            ||    36
